 Dungeon Crawl Stone Soup version 0.29-a0-700-g2f1814c7b2 (webtiles) character file.

Game seed: 7711095144583839725

94 DocClef the Skirmisher (level 4, -2/39 HPs)
             Began as a Demonspawn Fighter on June 25, 2022.
             Killed from afar by a white imp (10 damage)
             ... with a puff of frost
             ... summoned by Natasha
             ... on level 3 of the Dungeon.
             The game lasted 00:01:24 (1945 turns).

DocClef the Skirmisher (Demonspawn Fighter)         Turns: 1945, Time: 00:01:24

Health: -2/39      AC: 13    Str: 18    XL:     4   Next: 38%
Magic:  4/4        EV:  9    Int: 13    God:
Gold:   74         SH:  4    Dex: 12    Spells: 3/3 levels left

rFire   . . .      SeeInvis .   o - +7 mace "Soet" {vorpal, +Blink Int+3}
rCold   . . .      Faith    .   c - +0 buckler
rNeg    . . .      Spirit   .   b - +0 scale mail
rPois   .          Reflect  .   m - +0 helmet
rElec   .          Harm     .   (no cloak)
rCorr   .          Rampage  .   (no gloves)
Will    .....                   (no boots)
Stlth   ..........              (no amulet)
HPRegen 0.13/turn               (no ring)
MPRegen 0.09/turn               (no ring)

@: sanguine armoured, slowed, very slow
A: sanguine armour 1
a: Evoke Blink


You were on level 3 of the Dungeon.
You visited 1 branch of the dungeon, and saw 3 of its levels.

You collected 74 gold pieces.

Inventory:

Hand Weapons
 a - a +0 flail
 o - the +7 mace "Soet" (weapon) {vorpal, +Blink Int+3}
   (You found it on level 2 of the Dungeon)

   It inflicts extra damage upon your enemies.
   Int:       It affects your intelligence (+3).
   +Blink:    It lets you blink.
Missiles
 e - a throwing net (quivered)
Armour
 b - a +0 scale mail (worn)
 c - a +0 buckler (worn)
 m - a +0 helmet (worn)
Scrolls
 f - 3 scrolls of amnesia {unknown}
 g - a scroll of noise {unknown}
 n - a scroll of poison {unknown}
 p - a scroll of immolation {unknown}
Potions
 d - 4 potions of might
 h - a potion of mutation {unknown}
 i - 3 potions of berserk rage {unknown}
 j - a potion of invisibility {unknown}
 k - a potion of magic {unknown}
 l - a potion of curing {unknown}
 q - a potion of cancellation {unknown}
 r - a potion of heal wounds {unknown}
 s - a potion of lignification {unknown}


   Skills:
 + Level 5.2 Fighting
 - Level 1.7 Maces & Flails
 - Level 2.6 Armour
 - Level 2.6 Shields


You had 3 spell levels left.
You didn't know any spells.
Your spell library contained the following spells:

 Spells                   Type           Power      Damage    Failure   Level
 Gell's Gravitas          Tloc           0%         N/A       98%         3
 Lesser Beckoning         Tloc           0%         N/A       98%         3
 Teleport Other           Tloc           0%         N/A       98%         3


Dungeon Overview and Level Annotations

Branches:
Dungeon (3/15)

Altars:

Annotations:
D:3 Natasha


Innate Abilities, Weirdness & Mutations

When seriously injured, your blood forms armour. (AC +6)


Message History

The adder is heavily wounded.
The adder bites you but does no damage.
Natasha stares at you and mumbles some strange words.
You feel yourself slow down. The adder bites you.
You are poisoned.
The adder poisons you! Natasha claws you!
You sock the adder!
You kill the adder!
You feel very sick. You block Natasha's attack.
The white imp hits you but does no damage.
Natasha claws you but does no damage.
You barely miss Natasha.
Your blood congeals into armour.
You feel sick. You block the white imp's attack.
Natasha wildly gestures.
Natasha glows brightly for a moment.
Natasha stares at you and mumbles some strange words.
The magic dart hits you. The white imp hits you. The white imp freezes you.
You are too injured to fight recklessly!
You are too injured to fight recklessly!
You are too injured to fight recklessly!
You hit Natasha.
Natasha is heavily wounded.
You feel sick.
You are no longer poisoned.
Natasha claws you but does no damage. The white imp hits you.
The white imp freezes you.
Natasha zaps a wand.
The puff of flame hits you.
* * * LOW HITPOINT WARNING * * *
The white imp grins evilly.
The white imp hits you.
* * * LOW HITPOINT WARNING * * *
The white imp freezes you.
* * * LOW HITPOINT WARNING * * *
Natasha stares at you and mumbles some strange words.
The magic dart hits you but does no damage.
You barely miss Natasha.
Natasha is heavily wounded.
The white imp gestures at you. The puff of frost hits you!
You die...

#....#..#....#
#....#..######
#....#..#
######...#
#.......##
#.......#
#^......#########
........<.........
..........@h......
########...5......
#..........
#..........
#..........
#..........
##.......>.
##........


You could see Natasha and a white imp (summoned).

Vanquished Creatures
  Natasha (D:3)
  3 adders (D:3)
  2 worms
  3 ball pythons
  2 endoplasms
  3 giant cockroaches
  4 goblins
  4 hobgoblins
  7 jackals (D:1)
  A frilled lizard (D:1)
  2 kobolds (D:1)
  2 rats (D:1)
34 creatures vanquished.

Vanquished Creatures (others)
  12 plants (D:2)
12 creatures vanquished.

Grand Total: 46 creatures vanquished

Notes
Turn   | Place    | Note
-------+----------+-------------------------------------------
     0 | D:1      | DocClef the Demonspawn Fighter began the quest for the Orb.
     0 | D:1      | Reached XP level 1. HP: 18/18 MP: 1/1
   168 | D:1      | Gained mutation: When seriously injured, your blood forms
                  | armour. (AC +6) [demonic ancestry]
   168 | D:1      | Reached XP level 2. HP: 14/24 MP: 2/2
   521 | D:1      | Reached skill level 4 in Fighting
  1100 | D:2      | Reached XP level 3. HP: 24/30 MP: 3/3
  1221 | D:2      | Found a faded altar of an unknown god.
  1428 | D:2      | Identified the +7 mace "Soet" {vorpal, +Blink Int+3}
  1604 | D:3      | Noticed Natasha
  1612 | D:3      | Killed Natasha
  1613 | D:3      | Reached XP level 4. HP: 19/38 MP: 4/4
  1827 | D:3      | Reached skill level 5 in Fighting
  1935 | D:3      | Noticed Natasha
  1945 | D:3      | Killed from afar by a white imp

Illustrated notes

Levels and vault maps discovered:
D:1:      zaba_arrival_water, layout_rooms, minmay_misc_feat_ornament,
          minmay_misc_feat_enclosed, minivault_26, minmay_pentomino_x4
D:2:      layout_basic, dilly_ecumenical_altar_fadedgnrine
D:3:      layout_rooms, uniq_ijyb, uniq_sigmund, uniq_natasha

Skill      XL: |  1  2  3  4 |
---------------+-------------+-----
Fighting       | 4 5 |  5.2
Maces & Flails | |  1.7
Armour         | |  2.6
Shields        | |  2.6

Action                   |  1- 3 |  4- 6 || total
-------------------------+-------+-------++-------
Melee: Flail             |    86 |       ||    86
       Mace              |     4 |    19 ||    23
Armor: Scale mail        |    42 |    10 ||    52
Dodge: Dodged            |    48 |     6 ||    54
Block: Buckler           |    32 |    12 ||    44

Table legend: (Time is in decaauts)
 A = Elapsed time spent in this place.
 B = Non-inter-level travel time spent in this place.
 C = Inter-level travel time spent in this place.
 D = Time resting spent in this place.
 E = Time spent auto-exploring this place.
 F = Levels seen in this place.
 G = Mean time per level.
                   A        B        C        D        E       F      G
               +--------+--------+--------+--------+--------+-----+--------+
         Total |   1990 |   1902 |     88 |     52 |   1576 |   3 |  663.3 |
       Dungeon |   1990 |   1902 |     88 |     52 |   1576 |   3 |  663.3 |
               +--------+--------+--------+--------+--------+-----+--------+

Top non-repeatable levels by time:
     D:1: 900 daAuts
     D:2: 737 daAuts
     D:3: 352 daAuts
